 Dungeon Crawl Stone Soup version 0.21.1-1-g345015f (webtiles) character file.

896 diana the Cleaver (level 7, -3/52 HPs)
             Began as a Demonspawn Gladiator on June 2, 2018.
             Slain by an orc wizard
             ... wielding a +2 dagger of electrocution
              (12 damage)
             ... on level 5 of the Dungeon.
             The game lasted 00:09:52 (5589 turns).

diana the Cleaver (Demonspawn Gladiator)            Turns: 5589, Time: 00:09:53

Health: -3/52      AC: 16    Str: 16    XL:     7   Next: 78%
Magic:  7/7        EV: 10    Int:  9    God:
Gold:   230        SH:  0    Dex: 15    Spells: 6/6 levels left

rFire    + . .     SeeInvis .   a - +0 war axe
rCold    x . .     Gourm    .   (no shield)
rNeg     + . .     Faith    .   e - +0 pearl dragon scales
rPois    .         Spirit   .   B - +2 helmet
rElec    .         Reflect  .   (no cloak)
rCorr    .         Harm     .   q - +0 pair of gloves
MR       .....                  (no boots)
Stlth    ..........             z - amulet of rage
HPRegen  0.17/turn              t - ring of fire
MPRegen  0.10/turn              (no ring)

@: no status effects
A: talons 1, rugged brown scales 2, rot immunity
a: Evoke Berserk Rage


You were on level 5 of the Dungeon.
You were not hungry.

You visited 1 branch of the dungeon, and saw 5 of its levels.
You also visited: Ossuary.

You collected 230 gold pieces.

Inventory:

Hand Weapons
 a - a +0 war axe (weapon)
Missiles
 d - 4 throwing nets (quivered)
Armour
 b - a +0 leather armour
 c - a +0 helmet
 e - +0 pearl dragon scales (worn)
 q - a +0 pair of gloves (worn)
 B - a +2 helmet (worn)
Jewellery
 t - a ring of fire (left hand)
 z - an amulet of rage (around neck)
Scrolls
 g - a scroll of fear
 h - a scroll of fog
 k - 6 scrolls of remove curse
 l - 2 scrolls of amnesia {unknown}
 m - a scroll of teleportation
 n - 3 scrolls of enchant armour
 o - a scroll of acquirement {unknown}
 r - a scroll of magic mapping
 x - 3 scrolls of identify
 y - a scroll of blinking {unknown}
Potions
 i - a potion of mutation {unknown}
 j - a potion of might {unknown}
 p - 2 potions of lignification {unknown}
 s - a potion of degeneration {unknown}
 v - 4 potions of curing {unknown}
 D - a potion of berserk rage {unknown}
Books
 u - a Grand Grimoire

   Spells                             Type                      Level
   a - Monstrous Menagerie            Summoning                    7
   b - Summon Greater Demon           Summoning                    7
   c - Malign Gateway                 Summoning/Translocation      7
   d - Summon Horrible Things         Summoning                    8
 A - a book of Maledictions

   Spells                             Type                      Level
   a - Corona                         Hexes                        1
   b - Ensorcelled Hibernation        Hexes/Ice                    2
   c - Confuse                        Hexes                        3
   d - Tukima's Dance                 Hexes                        3
   e - Dazzling Spray                 Conjuration/Hexes            3
Comestibles
 f - 4 rations


   Skills:
 - Level 2.0 Fighting
 + Level 8.5 Axes
 - Level 1.7 Throwing
 - Level 2.9 Dodging


You had 6 spell levels left.
You didn't know any spells.

Dungeon Overview and Level Annotations

Branches:
Dungeon (5/15)
 Temple: D:4-7

Altars:
Elyvilon
Fedhas
Hepliaklqana
Makhleb
Xom
Beogh


Innate Abilities, Weirdness & Mutations

You have sharp toenails.
You are mostly covered in rugged brown scales. (AC +2, +5% HP)
You are immune to rotting.


Message History

The orc closely misses you. Something hits you but does no damage.
You are electrocuted!
* * * LOW HITPOINT WARNING * * *
You bump into the rock wall.
You feel less confused. The orc barely misses you. x2
You hear some strange, mumbled words.
A magic dart appears from out of thin air!
The magic dart hits you!
* * * LOW HITPOINT WARNING * * *
You feel much better. The orc closely misses you.
Something hits you but does no damage.
You are electrocuted!
* * * LOW HITPOINT WARNING * * *
The orc closely misses you.
You closely miss the orc.
The orc is lightly wounded.
You miss something. Something hits you.
* * * LOW HITPOINT WARNING * * *
You are electrocuted!
You die...

##.....##.#...##.#.#..
##...##..#...#..#....
##.##. #........#.. #
#.#.# .# ......)... #.
#.#.##.# .......#.. #.
#.#.#.# .......... #.
#.#..# .......#..
#.#.#.# ....#..#..
#){@# .........[ ##o##
...#.##.. #o# ........
.a. ....... .#.#
#.###. .##.# . #. .#
... #. .# #.# ... ###.


You could see a worker ant and 2 orcs.

Vanquished Creatures
  The ghost of kalagan the Caller, an amateur DESu (D:4)
  A bullfrog (D:3)
  A howler monkey (D:4)
  A crimson imp (D:4)
  A jelly (D:5)
  An orc priest (D:3)
  A bullfrog skeleton (D:5)
  5 orc wizards
  A worker ant (D:5)
  Natasha (D:2)
  5 big kobold zombies (Ossuary)
  A mummy (Ossuary)
  10 adders
  2 oozes
  An adder skeleton (D:5)
  An adder zombie (D:5)
  4 worms
  2 dart slugs
  3 leopard geckos
  9 orcs
  7 spectral bats (Ossuary)
  2 ball pythons
  2 giant cockroaches
  7 gnoll zombies (Ossuary)
  5 goblins
  10 hobgoblins
  12 jackals
  4 kobolds
  3 quokkas
  12 bats
  4 bat simulacra (Ossuary)
  7 frilled lizards
  3 goblin simulacra (Ossuary)
  7 goblin zombies (Ossuary)
  3 hobgoblin zombies (Ossuary)
  A kobold simulacrum (Ossuary)
  4 kobold zombies (Ossuary)
  4 orc zombies (Ossuary)
  A quokka skeleton (D:5)
  10 rats
  3 rat simulacra (Ossuary)
  2 spectral goblins (Ossuary)
  2 spectral kobolds (Ossuary)
  2 spectral rats (Ossuary)
169 creatures vanquished.

Notes
Turn   | Place    | Note
-------+----------+-------------------------------------------
     0 | D:1      | diana the Demonspawn Gladiator began the quest for the Orb.
     0 | D:1      | Reached XP level 1. HP: 16/16 MP: 1/1
   249 | D:1      | Reached skill level 3 in Axes
   260 | D:1      | Gained mutation: You are immune to rotting. [demonic ancestry]
   260 | D:1      | Reached XP level 2. HP: 22/22 MP: 2/2
   586 | D:1      | Reached XP level 3. HP: 27/27 MP: 3/3
   917 | D:2      | Reached skill level 4 in Axes
  1234 | D:2      | Found a hazy altar of Hepliaklqana.
  1279 | D:2      | Reached XP level 4. HP: 25/33 MP: 4/4
  1578 | D:2      | Noticed Natasha
  1594 | D:2      | Killed Natasha
  2023 | D:2      | Found a burning altar of Makhleb.
  2023 | D:2      | Noticed a cacodemon
  2026 | D:2      | Noticed a hellwing
  2026 | D:2      | Noticed a smoke demon
  2252 | D:2      | Found a blossoming altar of Fedhas.
  2524 | D:3      | Reached skill level 5 in Axes
  2676 | D:3      | Found a roughly hewn altar of Beogh.
  2695 | D:3      | Gained mutation: You are partially covered in rugged brown scales. (AC +1, +3% HP) [demonic ancestry]
  2695 | D:3      | Reached XP level 5. HP: 32/39 MP: 5/5
  3112 | D:3      | Found a white marble altar of Elyvilon.
  3133 | D:3      | Reached skill level 6 in Axes
  3144 | D:3      | Gained mutation: You are mostly covered in rugged brown scales. (AC +2, +5% HP) [demonic ancestry]
  3144 | D:3      | Reached XP level 6. HP: 17/46 MP: 6/6
  3967 | D:4      | Found a shimmering altar of Xom.
  3968 | D:4      | Found a burning altar of Makhleb.
  4051 | D:4      | Found a sand-covered staircase.
  4051 | D:4      | Noticed kalagan's ghost (amateur DESu)
  4075 | D:4      | Killed kalagan's ghost
  4075 | D:4      | Reached skill level 7 in Axes
  4075 | D:4      | Gained mutation: You have sharp toenails. [demonic ancestry]
  4075 | D:4      | Reached XP level 7. HP: 36/52 MP: 7/7
  4082 | Ossuary  | Entered an ossuary
  5234 | D:5      | Entered Level 5 of the Dungeon
  5239 | D:5      | Reached skill level 8 in Axes
  5589 | D:5      | Slain by an orc wizard

Skill      XL: |  1  2  3  4  5  6  7 |
---------------+----------------------+-----
Axes           | 3 4 5 6 7 8 |  8.5
Fighting       | |  2.0
Throwing       | |  1.7
Dodging        | |  2.9

Action                   |  1- 3 |  4- 6 |  7- 9 || total
-------------------------+-------+-------+-------++-------
Melee: War axe           |   122 |   214 |   211 ||   547
       Unarmed           |       |     2 |       ||     2
       Kick              |       |       |    66 ||    66
  Use: Potion            |       |     1 |     1 ||     2
       Scroll            |       |     7 |       ||     7
 Stab: Invisible         |       |     1 |       ||     1
  Eat: Chunk             |     1 |     6 |     2 ||     9
       Ration            |       |     1 |     1 ||     2
Armor: Pearl dragon scal |    86 |   173 |   118 ||   377
       Leather armour    |     2 |       |       ||     2
       Skin              |       |     2 |       ||     2
Dodge: Dodged            |    83 |   161 |   119 ||   363
